 Dungeon Crawl Stone Soup version 0.31-a0-358-gac0dbeb3ab (webtiles) character file.

Game seed: 7681728572293133358

611 vineage the Fighter (level 7, -1/50 HPs)
             Began as a Gargoyle Fighter on July 25, 2023.
             Slain by Pikel
             ... wielding a +1 whip of freezing
              (6 damage)
             ... on level 4 of the Dungeon.
             The game lasted 00:03:57 (4557 turns).

vineage the Fighter (Gargoyle Fighter)              Turns: 4557, Time: 00:03:59

Health: -1/50      AC: 11    Str: 21    XL:     7   Next: 44%
Magic:  7/7        EV:  9    Int:  9    God:
Gold:   206        SH:  5    Dex:  9    Spells: 6/6 levels left

rFire   . . .        a - +0 flail
rCold   . . .        c - +1 buckler
rNeg    + . .        b - +0 scale mail
rPois   ∞            (no helmet)
rElec   +            (no cloak)
rCorr   .            (no gloves)
SInv    .            (no boots)
Will    .....        (no amulet) Stlth
                     (no ring)
HPRegen 0.28/turn    (no ring)
MPRegen 0.10/turn

%: no passive effects
@: mighty, invisible
A: sickness immunity, AC +4, negative energy resistance 1, electricity
resistance, torment resistance 1, petrification resistance
a: no special abilities


You were on level 4 of the Dungeon.
You visited 1 branch of the dungeon, and saw 4 of its levels.
You also visited: Sewer.

You collected 206 gold pieces.

Inventory:

Hand Weapons
 a - a +0 flail (weapon)
Armour
 b - a +0 scale mail (worn)
 c - a +1 buckler (worn)
Jewellery
 n - a +6 ring of intelligence
Scrolls
 e - a scroll of vulnerability {unknown}
 i - a scroll of enchant armour
 m - a scroll of poison
 p - a scroll of revelation {unknown}
 q - a scroll of identify
Potions
 f - a potion of brilliance {unknown}
 g - 2 potions of degeneration
 h - 3 potions of haste {unknown}
 j - 2 potions of magic
 k - a potion of cancellation {unknown}
 l - 2 potions of invisibility
 o - a potion of lignification {unknown}
 r - a potion of enlightenment {unknown}


   Skills:
 + Level 8.6 Fighting
 * Level 2.7 Maces & Flails
 + Level 3.6 Armour
 + Level 3.6 Shields


You had 6 spell levels left.
You didn't know any spells.
Your spell library contained the following spells:

 Spells                   Type           Power      Damage    Failure   Level
 Ensorcelled Hibernation  Hex/Ice        0%         N/A       90%         2
 Dazzling Flash           Conj/Hex       0%         N/A       99%         3
 Ozocubu's Armour         Ice            0%         N/A       99%         3
 Volatile Blastmotes      Fire/Tloc      0%         2d10      99%         3
 Anguish                  Hex/Necr       0%         N/A       100%        4
 Starburst                Conj/Fire      0%         6d3       100%        6
 Ozocubu's Refrigeration  Ice            0%         4d7       100%        7
 Maxwell's Capacitive Co  Air            0%         ∞         100%        8


Dungeon Overview and Level Annotations

Branches:
Dungeon (4/15)              Sewer (visited)
 Temple: D:4-7

Altars:
Elyvilon

Annotations:
D:4 Pikel


Innate Abilities, Weirdness & Mutations

You are immune to sickness and miasma.
Your stone body is resilient. (AC +4)
You are immune to poison.
You resist negative energy. (rN+)
You are resistant to electric shocks. (rElec)
You are resistant to unholy torment.
You are immune to petrification.


Message History

You barely miss Pikel.
Pikel is lightly wounded.
Pikel hits you with a +1 whip of freezing.
Pikel freezes you.
You feel less confused.
Pikel hits you with a +1 whip of freezing.
Pikel freezes you.
You hit Pikel but do no damage.
Pikel is lightly wounded.
Pikel completely misses you.
Pikel zaps a wand.
The bolt of light hits you.
You closely miss Pikel.
Pikel is lightly wounded.
Pikel zaps a wand.
The bolt of light hits you!!
* * * LOW HITPOINT WARNING * * *
You feel very mighty all of a sudden. Pikel hits you but does no damage.
It was a potion of invisibility.
You fade into invisibility!
Pikel zaps a wand.
The bolt of light misses you.
You barely miss Pikel.
Pikel is lightly wounded.
Pikel hits you with a +1 whip of freezing.
* * * LOW HITPOINT WARNING * * *
Pikel freezes you.
* * * LOW HITPOINT WARNING * * *
You barely miss Pikel.
Pikel is lightly wounded.
Pikel barely misses you.
Pikel says, "Time is money, and you're costing me too much!"
Pikel hits you with a +1 whip of freezing.
* * * LOW HITPOINT WARNING * * *
Pikel freezes you.
* * * LOW HITPOINT WARNING * * *
You barely miss Pikel.
Pikel is lightly wounded.
Pikel hits you but does no damage.
You hit Pikel.
Pikel is moderately wounded.
Pikel hits you with a +1 whip of freezing.
You die...

.#................####..<........
##(.......##............#......#.
##........#............##..##.###
...........#............#..##..#.
..........##......>.(..##..#.....
..........##............ ... .##.
..........##.##............#. ##
.............#..K.......#.##. ##
+###........###.@.......# #.###.
...##..###..# #.........####.....
.#..#...#...###..............#...
#.#.'........#........##.....##.#
.#..#....#.......##..........#..#
...##....##...#... ##.#..........
+###...........^.. .............
.................. .............
............... ######..#...


You could see Pikel (unable to see you).

Vanquished Creatures
  Menkaure (D:4)
  An ogre (D:3)
  4 lemures (D:3)
  A kobold brigand (Sewer)
  A scorpion (D:4)
  An orc wizard (D:3)
  2 iguanas (D:4)
  6 adders
  4 river rats (Sewer)
  A worm (D:2)
  A dart slug (D:1)
  3 orcs
  10 ball pythons
  7 endoplasms
  3 giant cockroaches (D:1)
  6 goblins
  7 hobgoblins
  5 jackals (D:2)
  A quokka (D:4)
  8 bats
  3 frilled lizards
  22 kobolds
  18 rats
116 creatures vanquished.

Notes
Turn   | Place    | Note
-------+----------+-------------------------------------------
     0 | D:1      | vineage the Gargoyle Fighter began the quest for the Orb.
     0 | D:1      | Reached XP level 1. HP: 14/14 MP: 1/1
   118 | D:1      | Reached XP level 2. HP: 20/20 MP: 2/2
   130 | D:1      | Reached skill level 4 in Fighting
   598 | D:1      | Reached XP level 3. HP: 24/24 MP: 3/3
   718 | D:2      | Found a faded altar of an unknown god.
   744 | D:2      | Reached skill level 5 in Fighting
  1280 | D:3      | Reached XP level 4. HP: 30/31 MP: 4/4
  1891 | D:3      | Reached skill level 6 in Fighting
  2066 | D:4      | Noticed Menkaure
  2079 | D:4      | Killed Menkaure
  2080 | D:4      | Reached skill level 7 in Fighting
  2080 | D:4      | Reached XP level 5. HP: 8/38 MP: 5/5
  2080 | D:4      | Reached XP level 6. HP: 9/44 MP: 6/6
  2264 | D:4      | Found a white marble altar of Elyvilon.
  2300 | D:4      | Found a glowing drain.
  2316 | Sewer    | Entered a sewer
  3163 | Sewer    | Reached skill level 8 in Fighting
  3542 | D:4      | Reached XP level 7. HP: 34/50 MP: 7/7
  3601 | D:4      | Noticed Pikel
  4557 | D:4      | Slain by Pikel

Illustrated notes

Levels and vault maps discovered:
D:1:      minmay_arrival_five_plusses, layout_basic
D:2:      layout_basic, chequers_ecumenical_altar_island
D:3:      layout_loops_ring
D:4:      layout_cave_pools, kennysheep_little_box, portal_sewer_entry_d,
          minmay_box_of_dots, uniq_menkaure, uniq_pikel

Skill      XL: |  1  2  3  4  5  6 |
---------------+-------------------+-----
Fighting       | 4 5 7 8 |  8.6
Maces & Flails | |  2.7
Armour         | |  3.6
Shields        | |  3.6

Action                     |  1- 3 |  4- 6 |  7- 9 || total
---------------------------+-------+-------+-------++-------
  Melee: Flail             |   110 |   223 |   103 ||   436
    Use: Scroll            |       |     9 |     2 ||    11
         Potion            |       |     2 |     4 ||     6
 Armour: Scale mail        |   107 |   138 |    63 ||   308
  Dodge: Dodged            |    94 |   122 |    54 ||   270
  Block: Buckler           |    45 |    56 |    28 ||   129

Table legend: (Time is in decaauts)
 A = Elapsed time spent in this place.
 B = Non-inter-level travel time spent in this place.
 C = Inter-level travel time spent in this place.
 D = Time resting spent in this place.
 E = Time spent auto-exploring this place.
 F = Levels seen in this place.
 G = Mean time per level.
                   A        B        C        D        E       F      G
               +--------+--------+--------+--------+--------+-----+--------+
         Total |   4715 |   4641 |     74 |   1178 |   2505 |   5 |  943.0 |
       Dungeon |   3452 |   3378 |     74 |    689 |   2007 |   4 |  863.0 |
         Sewer |   1263 |   1263 |      0 |    489 |    498 |   1 | 1263.0 |
               +--------+--------+--------+--------+--------+-----+--------+

Top non-repeatable levels by time:
     D:3: 1613 daAuts
   Sewer: 1263 daAuts
     D:1: 739 daAuts
     D:4: 577 daAuts
     D:2: 522 daAuts
